Map: Orbital Shipyard

Players

Trizztein

  • Race: Terran Terran
  • League: Platinum

TschiAngl - Winner!

  • Race: Zerg Zerg
  • League: Platinum

VOD

Have the link to the VOD?

Description

Time

  • Played on: Jan. 3, 2016, 8:18 a.m.
  • Length: 18:09
Show
View Real Time Build Order
Export as new Build Order

Trizztein Terran 

Build Orders: Reaper Expand, Hellion Banshee, Mech 

Get SALT Encoding   

  12  0:01  SCV  
  13  0:13  SCV  
  14  0:18  Supply Depot  
  14  0:25  SCV  
  15  0:39  SCV  
  15  0:41  Barracks  
  16  0:47  Refinery  
  16  0:51  SCV  
  17  1:03  SCV  
  18  1:15  SCV  
  19  1:28  Orbital Command  
  19  1:29  Reaper  
  20  1:40  Command Center  
  20  1:54  SCV, Supply Depot  
  21  2:01  Marine  
  21  2:07  Factory  
  22  2:09  SCV  
  23  2:16  Refinery  
  23  2:21  SCV  
  24  2:25  Barracks Reactor  
  24  2:33  SCV  
  25  2:49  SCV  
  26  2:56  Starport  
  26  3:01  SCV, Orbital Command  
  27  3:07  Hellion x2  
  31  3:13  SCV  
  31  3:16  Barracks Tech Lab  
  32  3:25  SCV  
  32  3:26  Supply Depot  
  33  3:29  Hellion x2  
  36  3:34  SCV  
  36  3:38  SCV  
  38  3:44  Banshee  
  38  3:46  SCV  
  38  3:48  Cloaking Field, Barracks Tech Lab  
  42  3:50  SCV  
  43  3:57  Widow Mine  
  43  3:58  SCV, Hellion  
  48  4:05  SCV  
  49  4:11  SCV  
  50  4:18  SCV  
  50  4:23  SCV  
  52  4:28  Widow Mine  
  54  4:35  Supply Depot  
  54  4:38  Refinery x2  
  54  4:43  Command Center  
  54  4:49  Supply Depot  
  54  4:57  Banshee, Hellion, SCV x2  
  61  5:09  SCV  
  61  5:10  SCV  
  63  5:19  Widow Mine x2  
  67  5:21  SCV  
  67  5:23  SCV  
  67  5:33  SCV  
  57  5:38  SCV  
  57  5:41  Banshee  
  61  5:43  Factory x2  
  61  5:45  SCV  
  62  5:50  SCV  
  63  5:58  SCV  
  63  5:59  Hellion x2, Orbital Command  
  63  6:02  SCV  
  69  6:10  SCV, Engineering Bay, Armory x2  
  70  6:14  SCV  
  71  6:22  SCV  
  72  6:26  SCV  
  73  6:34  SCV  
  73  6:35  Factory Tech Lab  
  74  6:44  Starport Reactor  
  74  6:45  Orbital Command  
  74  6:47  SCV x2  
  76  6:59  SCV x2  
  81  7:01  Siege Tank  
  81  7:02  Siege Tank  
  84  7:11  SCV  
  85  7:20  Refinery  
  85  7:25  Refinery  
  85  7:32  SCV x3  
  85  7:50  Supply Depot  
  85  7:51  Missile Turret  
  85  7:52  Supply Depot  
  85  7:55  Missile Turret  
  85  7:56  Missile Turret x2, Liberator x2  
  85  8:02  Supply Depot  
  85  8:03  Supply Depot  
  85  8:09  Missile Turret  
  85  8:11  Supply Depot  
  85  8:12  SCV, Hellion x2, Siege Tank  
  93  8:13  SCV x2  
  93  8:18  Factory  
  101  8:21  Terran Vehicle And Ship Armor Level 1  
  101  8:22  Terran Vehicle Weapons Level 1  
  101  8:23  Infernal Pre-Igniter  
  101  8:24  SCV, Hellion  
  104  8:32  Supply Depot  
  104  8:33  SCV x2  
  106  8:34  Supply Depot  
  106  8:35  Supply Depot  
  106  8:36  SCV  
  107  8:42  Hellion x2  
  107  8:44  Siege Tank  
  107  8:45  Barracks Reactor, SCV x2  
  116  8:48  SCV  
  116  8:52  Factory  
  115  8:57  Supply Depot  
  115  8:58  SCV  
  116  9:10  Command Center  
  116  9:12  Command Center  
  116  9:13  Supply Depot  
  116  9:14  Supply Depot, Siege Tank  
  116  9:15  Supply Depot, Hellion x2  
  116  9:16  Siege Tank  
  126  9:18  Liberator x2  
  126  9:34  Command Center  
  126  9:36  Hellion x2  
  136  9:40  SCV  
  136  9:43  Supply Depot  
  136  9:44  Supply Depot  
  136  9:45  Factory Tech Lab  
  137  9:47  Hellion x3  
  137  9:48  Siege Tank  
  146  9:57  Sensor Tower  
  146  10:01  Liberator x2  
  146  10:08  Siege Tank  
  149  10:19  Missile Turret  
  149  10:21  Siege Tank, Hellion x5, Refinery  
  161  10:23  Refinery  
  161  10:24  Missile Turret  
  161  10:25  Missile Turret  
  161  10:26  Missile Turret  
  168  10:38  Terran Vehicle And Ship Armor Level 2, Terran Vehicle Weapons Level 2  
  168  10:40  Siege Tank  
  173  10:42  Hellion  
  173  10:43  Siege Tank  
  176  10:53  Siege Tank  
  165  11:06  Planetary Fortress  
  165  11:13  Siege Tank  
  165  11:15  Siege Tank  
  171  11:34  Planetary Fortress  
  171  11:43  Planetary Fortress  
  171  11:53  Barracks x2  
  171  11:54  Barracks  
  171  11:56  Starport  
  171  11:57  Starport  
  171  11:58  Starport  
  171  12:03  SCV  
  165  12:23  Liberator x2  
  117  12:50  Hellion x2  
  114  12:54  Starport Tech Lab  
  114  12:55  Starport Tech Lab x2  
  114  12:57  Starport Reactor  
  114  12:59  Hellion x2, Siege Tank x3  
  114  13:00  Barracks Tech Lab x2  
  127  13:06  Ghost Academy, Liberator  
  127  13:09  SCV  
  128  13:15  Command Center x2  
  128  13:21  Sensor Tower  
  128  13:25  Command Center  
  131  13:28  Supply Depot  
  131  13:30  Supply Depot  
  131  13:31  Supply Depot  
  131  13:32  Supply Depot  
  131  13:35  Supply Depot  
  131  13:39  Hellion x4, Siege Tank x2  
  131  13:40  Siege Tank  
  137  14:00  Hellion  
  111  14:11  Siege Tank  
  111  14:12  Siege Tank  
  91  14:22  SCV x2  
  83  14:24  Missile Turret  
  83  14:30  Liberator x2  
  83  14:36  Ghost x2  
  81  14:40  Barracks Tech Lab  
  81  14:43  Hellion, Siege Tank x2  
  81  14:44  Hellion x3, Siege Tank  
  96  15:01  Terran Ship Weapons Level 1  
  96  15:03  Terran Vehicle Weapons Level 3  
  96  15:04  Ghost  
  96  15:05  Ghost  
  89  15:15  Siege Tank  
  79  15:31  Widow Mine x2  
  66  15:48  Hellion x5, Orbital Command  
  70  16:00  Hellion  
  70  16:02  Personal Cloaking  
  65  16:14  Hellion x3, Siege Tank x3  
  65  16:17  SCV x2  
  82  16:20  Starport Tech Lab  
  82  16:24  Planetary Fortress  
  82  16:27  SCV  
  82  16:29  Hellion  
  85  16:35  Hellion  
  87  16:46  Siege Tank  
  90  16:48  Liberator  
  90  16:49  Liberator  
  90  16:55  Sensor Tower  
  68  17:16  Ghost  
  65  17:30  Refinery  
  65  17:35  SCV  
  66  17:38  SCV  
  61  17:48  SCV  
  61  17:50  SCV  
Show
View Real Time Build Order
Export as new Build Order

TschiAngl Zerg - Winner!

Build Orders: Hatch First, Muta Ling Bane 

Get SALT Encoding   

  12  0:01  Drone  
  13  0:12  Overlord  
  13  0:17  Drone  
  14  0:31  Drone x2  
  14  0:35  Drone  
  17  0:52  Hatchery  
  17  0:55  Drone  
  17  0:57  Drone  
  17  1:01  Extractor  
  17  1:07  Drone  
  18  1:17  Spawning Pool  
  17  1:20  Drone  
  18  1:29  Drone  
  19  1:39  Drone  
  20  1:50  Overlord  
  20  2:04  Queen  
  20  2:05  Queen  
  24  2:08  Zergling x4  
  24  2:11  Metabolic Boost  
  26  2:18  Zergling x2  
  26  2:21  Drone  
  26  2:22  Drone  
  29  2:37  Drone x3  
  32  2:47  Queen x2  
  36  2:55  Overlord x2  
  36  3:03  Extractor  
  36  3:04  Drone  
  37  3:16  Drone x7  
  37  3:17  Drone  
  45  3:22  Overlord  
  45  3:31  Drone  
  45  3:32  Drone x2  
  48  3:42  Extractor  
  48  3:44  Extractor  
  44  3:58  Lair  
  44  3:59  Hatchery  
  44  4:01  Drone x3  
  44  4:02  Drone x6, Extractor  
  51  4:24  Spore Crawler  
  51  4:25  Spore Crawler  
  51  4:27  Spore Crawler  
  51  4:30  Spore Crawler  
  47  4:33  Drone x3  
  47  4:37  Drone  
  51  4:42  Drone x5  
  51  4:43  Baneling Nest  
  55  4:49  Evolution Chamber x2  
  53  5:02  Overseer  
  53  5:06  Zergling x2  
  55  5:07  Zergling x10  
  55  5:10  Overlord x2  
  54  5:38  Drone  
  54  5:39  Drone x8  
  54  5:40  Queen  
  65  5:43  Zerg Ground Armor Level 1, Zerg Melee Weapons Level 1  
  65  5:58  Centrifical Hooks  
  65  6:02  Spire  
  64  6:04  Overlord x2  
  64  6:05  Extractor  
  64  6:06  Zergling x8, Extractor  
  66  6:25  Spore Crawler, Queen  
  63  6:30  Spore Crawler  
  61  6:36  Zergling x18  
  67  6:40  Drone x3  
  67  6:41  Drone x3  
  73  7:07  Overlord x3  
  73  7:14  Infestation Pit  
  72  7:16  Mutalisk  
  72  7:17  Mutalisk x7  
  86  7:52  Overseer  
  86  7:55  Pneumatized Carapace  
  86  7:58  Drone  
  86  7:59  Drone x12  
  86  8:00  Drone x3  
  86  8:02  Hive  
  86  8:04  Zerg Ground Armor Level 2, Zerg Melee Weapons Level 2  
  102  8:32  Overlord  
  102  8:33  Overlord x2  
  102  8:35  Zergling x2  
  102  8:36  Zergling x26  
  115  8:57  Hatchery  
  115  9:02  Drone  
  115  9:03  Drone x14  
  129  9:13  Overlord x3  
  129  9:26  Ultralisk Cavern  
  129  9:30  Queen  
  130  9:33  Zerg Flyer Weapons Level 1  
  130  9:39  Drone x3, Extractor  
  130  9:40  Extractor  
  130  9:41  Drone x3  
  134  10:15  Hatchery, Overlord x3, Chitinous Plating  
  134  10:18  Ultralisk  
  134  10:19  Ultralisk x4  
  163  10:36  Zerg Melee Weapons Level 3  
  163  10:37  Zerg Ground Armor Level 3  
  163  10:38  Zergling x2  
  163  10:39  Zergling x30  
  163  10:40  Zergling x4  
  178  11:09  Overlord  
  178  11:10  Overlord  
  178  11:11  Ultralisk  
  184  11:29  Ultralisk  
  184  11:30  Ultralisk  
  196  11:33  Zergling x8  
  200  11:42  Greater Spire  
  200  11:44  Spire  
  199  11:53  Extractor x2  
  197  11:54  Overseer  
  121  12:39  Ultralisk  
  121  12:40  Ultralisk x8  
  163  12:45  Zergling x14  
  163  12:46  Zergling x46  
  163  12:47  Zergling x2  
  180  12:56  Drone x3  
  180  12:57  Drone x2  
  180  12:58  Drone  
  180  13:04  Zerg Flyer Weapons Level 2  
  180  13:05  Zerg Flyer Armor Level 1  
  180  13:10  Drone x3  
  180  13:11  Drone x6  
  180  13:12  Drone  
  190  13:13  Drone  
  191  13:36  Hatchery  
  145  14:34  Zergling x2  
  145  14:35  Zergling x44  
  145  14:36  Zergling x40  
  180  14:39  Adrenal Glands  
  142  15:22  Zerg Flyer Weapons Level 3, Zerg Flyer Armor Level 2  
  142  15:27  Corruptor x4  
  142  15:28  Corruptor x21  
  145  16:12  Extractor x2  
  145  16:17  Brood Lord x8  
  145  16:18  Brood Lord x3  
  165  16:27  Drone x2  
  165  16:28  Drone  
  165  16:29  Drone x3  
  170  16:48  Corruptor  
  170  16:49  Corruptor x6  
  170  16:52  Hatchery  
  183  17:34  Corruptor  
  183  17:35  Corruptor  
  187  17:38  Overlord x3  
Tags
 
Add a new tag
Caveats
  • Supply blocks, unpowered buildings, or Contaminate may cause inaccurate times.
  • Supply counts are checked every 10 seconds.